Map: Jagannatha LE

Players

ShaDoWn - Winner!

  • Race: Protoss Protoss
  • Spawn Location: 1:00

LiquidMaNa (MaNa)

  • Race: Protoss Protoss
  • League: Grandmaster
  • Spawn Location: 7:00

Event: DreamHack SC2 Masters 2020 Winter

VOD

Have the link to the VOD?

Description

Time

  • Played on: Oct. 27, 2020, 12:04 p.m.
  • Length: 17:21

All games in this series

Show
View Real Time Build Order
Export as new Build Order

ShaDoWn Protoss - Winner!

Build Orders: Oracle Opening 

Get SALT Encoding   

  12  0:00  Probe  
  13  0:12  Probe  
  14  0:16  Pylon  
  14  0:24  Probe (Chrono Boost)  
  15  0:36  Probe (Chrono Boost)  
  15  0:37  Gateway  
  16  0:44  Probe (Chrono Boost)  
  16  0:46  Assimilator  
  17  0:51  Probe  
  17  0:55  Assimilator  
  18  1:03  Probe (Chrono Boost)  
  19  1:11  Gateway  
  19  1:13  Probe (Chrono Boost)  
  20  1:18  Probe  
  20  1:25  Cybernetics Core  
  21  1:30  Probe  
  22  1:36  Pylon  
  22  1:42  Probe  
  23  1:54  Probe  
  24  2:01  Warp Gate (Chrono Boost)  
  24  2:03  Adept  
  24  2:04  Adept  
  24  2:07  Probe  
  29  2:13  Pylon  
  29  2:26  Stargate  
  29  2:33  Adept  
  29  2:34  Adept  
  33  2:58  Probe  
  34  3:05  Pylon  
  34  3:07  Oracle (Chrono Boost)  
  37  3:17  Nexus  
  37  3:24  Shield Battery  
  37  3:26  Probe  
  38  3:38  Probe  
  38  3:40  Twilight Council  
  39  3:46  Pylon  
  39  3:50  Stalker  
  41  3:59  Stalker  
  43  4:08  Probe  
  42  4:14  Blink (Chrono Boost)  
  37  4:19  Stalker  
  37  4:20  Probe  
  36  4:28  Stalker  
  36  4:29  Probe  
  39  4:33  Probe  
  40  4:43  Forge  
  40  4:45  Stalker  
  44  4:53  Probe (Chrono Boost)  
  44  4:55  Stalker  
  44  4:59  Probe (Chrono Boost)  
  42  5:04  Probe x2 (Chrono Boost)  
  38  5:11  Stalker  
  39  5:15  Probe  
  39  5:16  Probe  
  39  5:18  Stalker  
  38  5:27  Probe  
  38  5:28  Probe  
  40  5:35  Stalker  
  42  5:40  Probe (Chrono Boost)  
  42  5:41  Probe (Chrono Boost)  
  43  5:44  Stalker  
  45  5:52  Probe (Chrono Boost)  
  45  5:56  Probe (Chrono Boost)  
  47  5:58  Probe (Chrono Boost)  
  47  6:03  Probe  
  49  6:06  Probe  
  46  6:13  Stalker x2  
  46  6:16  Probe  
  47  6:18  Probe  
  44  6:28  Probe  
  44  6:30  Probe  
  46  6:35  Robotics Facility  
  46  6:40  Charge, Probe (Chrono Boost)  
  46  6:41  Nexus  
  46  6:43  Pylon, Probe (Chrono Boost)  
  48  6:47  Forge  
  48  6:52  Probe (Chrono Boost)  
  50  6:54  Probe (Chrono Boost)  
  50  6:58  Assimilator, Probe (Chrono Boost)  
  50  6:59  Probe (Chrono Boost)  
  51  7:04  Stalker  
  51  7:06  Probe  
  52  7:09  Probe  
  52  7:15  Protoss Ground Weapons Level 1 (Chrono Boost)  
  52  7:18  Probe  
  53  7:25  Probe  
  53  7:26  Gateway  
  53  7:28  Gateway  
  54  7:30  Probe  
  54  7:33  Stalker x2  
  57  7:38  Gateway  
  58  7:45  Shield Battery  
  58  7:48  Probe  
  58  7:51  Gateway  
  58  7:52  Probe  
  58  7:57  Stalker  
  58  7:58  Stalker  
  62  7:59  Probe  
  62  8:02  Probe  
  62  8:07  Probe  
  62  8:11  Probe  
  64  8:14  Probe  
  64  8:17  Gateway, Observer (Chrono Boost)  
  64  8:19  Probe  
  67  8:21  Stalker x3  
  67  8:26  Zealot  
  75  8:30  Probe x2  
  77  8:34  Stalker  
  77  8:35  Probe  
  77  8:37  Pylon  
  78  8:42  Probe  
  78  8:45  Stalker x2  
  83  8:48  Stalker  
  84  8:57  Pylon, Zealot  
  84  8:58  Probe  
  84  9:00  Pylon, Probe  
  88  9:08  Protoss Ground Weapons Level 2 (Chrono Boost)  
  88  9:10  Nexus  
  88  9:11  Observer  
  88  9:13  Pylon  
  89  9:22  Zealot x2  
  89  9:23  Probe  
  94  9:24  Probe  
  94  9:25  Probe  
  94  9:28  Sentry  
  94  9:29  Pylon  
  97  9:36  Probe  
  97  9:37  Zealot x3  
  104  9:41  Pylon  
  104  9:44  Probe  
  106  9:45  Probe  
  106  9:47  Assimilator  
  106  9:52  Zealot x2, Shield Battery  
  110  9:54  Observer  
  111  10:01  Zealot x3  
  111  10:05  Probe  
  118  10:07  Probe  
  118  10:08  Zealot x2  
  123  10:15  Zealot x2  
  123  10:17  Photon Cannon  
  128  10:27  Dark Shrine  
  131  10:31  Zealot x4  
  131  10:34  Zealot  
  137  10:37  Pylon  
  137  10:41  Probe x2  
  137  10:42  Probe x2  
  141  10:44  Warp Prism (Chrono Boost)  
  141  10:45  Pylon  
  141  10:46  Pylon  
  143  10:53  Photon Cannon, Probe  
  144  10:58  Zealot x3  
  144  11:00  Probe  
  152  11:08  Pylon  
  152  11:11  Stalker x3  
  157  11:16  Pylon  
  154  11:22  Zealot x4  
  162  11:29  Protoss Ground Weapons Level 3 (Chrono Boost)  
  162  11:33  Probe  
  162  11:34  Probe x2  
  165  11:46  Dark Templar  
  165  11:47  Dark Templar  
  169  11:55  Dark Templar  
  169  11:56  Dark Templar x4  
  179  12:07  Photon Cannon  
  179  12:08  Observer  
  178  12:11  Probe  
  175  12:18  Probe  
  172  12:23  Stalker x2  
  160  12:34  Observer (Chrono Boost)  
  157  12:38  Probe  
  157  12:39  Probe  
  157  12:40  Probe  
  157  12:43  Probe  
  160  12:47  Stalker x7  
  160  12:49  Nexus  
  172  12:51  Gateway  
  172  12:52  Gateway  
  172  12:54  Pylon  
  172  12:55  Gateway, Probe x4  
  176  12:59  Shield Battery  
  176  13:00  Photon Cannon  
  176  13:06  Shadow Stride (Chrono Boost)  
  176  13:07  Probe x2  
  176  13:08  Archon  
  176  13:09  Warp Prism (Chrono Boost)  
  176  13:10  Stalker x2  
  176  13:11  Stalker, Zealot x2  
  190  13:24  Zealot  
  190  13:26  Photon Cannon  
  190  13:27  Zealot, Shield Battery  
  190  13:32  Gateway  
  190  13:33  Gateway  
  192  13:34  Zealot x2  
  188  14:12  Robotics Facility  
  188  14:13  Robotics Bay  
  188  14:15  Zealot x5  
  188  14:16  Zealot x2  
  198  14:18  Probe  
  198  14:20  Assimilator  
  198  14:21  Assimilator x2  
  198  14:23  Assimilator  
  199  14:25  Assimilator  
  170  14:54  Zealot x4  
  158  15:05  Disruptor (Chrono Boost)  
  132  15:13  Stalker x8  
  154  15:15  Disruptor (Chrono Boost)  
  154  15:30  Stalker x4  
  154  15:33  Disruptor  
  165  15:42  Stalker x3  
  169  15:43  Disruptor, Zealot x5  
  166  15:57  Zealot x3  
  166  15:58  Zealot  
  173  16:09  Disruptor  
  157  16:17  Stalker x9  
  157  16:18  Zealot x3  
  159  16:19  Disruptor  
  148  16:39  Stalker x3, Nexus  
  154  16:40  Stalker x2  
  154  16:41  Zealot x7  
  154  16:43  Pylon  
  154  16:47  Pylon  
  175  16:55  Observer  
Show
View Real Time Build Order
Export as new Build Order

LiquidMaNa Protoss 

Build Orders: Oracle Opening, Phoenix Opening 

Get SALT Encoding   

  12  0:00  Probe  
  13  0:12  Probe  
  14  0:17  Pylon  
  14  0:24  Probe (Chrono Boost)  
  15  0:36  Probe (Chrono Boost)  
  15  0:38  Gateway  
  16  0:45  Probe (Chrono Boost)  
  16  0:48  Assimilator  
  17  0:51  Probe  
  18  1:03  Probe (Chrono Boost)  
  19  1:04  Assimilator  
  20  1:12  Gateway, Probe (Chrono Boost)  
  20  1:17  Probe (Chrono Boost)  
  21  1:27  Cybernetics Core  
  21  1:29  Probe  
  22  1:37  Pylon  
  22  1:41  Probe  
  23  1:55  Probe  
  24  2:04  Stalker, Warp Gate, Sentry  
  24  2:07  Probe  
  29  2:12  Pylon  
  29  2:26  Pylon, Oracle  
  29  2:32  Stargate  
  29  2:41  Adept x2  
  33  2:54  Pylon  
  33  3:05  Shield Battery  
  33  3:13  Nexus  
  33  3:17  Phoenix (Chrono Boost)  
  35  3:21  Probe  
  36  3:34  Shield Battery, Probe  
  37  3:37  Phoenix  
  39  3:42  Pylon  
  39  3:53  Shield Battery  
  39  3:58  Pylon  
  39  4:01  Phoenix  
  39  4:02  Adept  
  41  4:07  Probe  
  32  4:19  Adept  
  32  4:21  Probe  
  35  4:31  Phoenix (Chrono Boost)  
  35  4:37  Probe (Chrono Boost)  
  37  4:43  Probe (Chrono Boost)  
  38  4:49  Probe (Chrono Boost)  
  40  4:52  Probe (Chrono Boost)  
  40  4:54  Probe (Chrono Boost)  
  37  5:09  Phoenix  
  37  5:12  Probe  
  36  5:15  Probe  
  37  5:25  Robotics Facility, Probe  
  37  5:27  Probe  
  37  5:41  Shield Battery  
  37  5:42  Stalker  
  39  5:44  Probe  
  39  5:47  Probe  
  41  5:55  Stalker  
  41  5:57  Probe  
  41  5:59  Probe  
  43  6:09  Stalker, Probe  
  43  6:11  Probe  
  43  6:18  Immortal (Chrono Boost)  
  43  6:27  Stalker  
  43  6:32  Probe (Chrono Boost)  
  44  6:34  Probe (Chrono Boost)  
  45  6:44  Probe (Chrono Boost)  
  45  6:45  Probe (Chrono Boost)  
  47  6:47  Shield Battery  
  47  6:49  Probe (Chrono Boost)  
  47  6:50  Probe (Chrono Boost)  
  47  6:52  Observer  
  50  6:55  Sentry  
  50  6:57  Zealot  
  54  7:04  Probe x2  
  56  7:16  Probe x2  
  56  7:17  Forge  
  58  7:23  Immortal  
  62  7:30  Pylon  
  62  7:35  Pylon  
  62  7:44  Assimilator  
  62  7:45  Pylon  
  62  7:46  Protoss Ground Weapons Level 1 (Chrono Boost)  
  62  7:48  Probe x2 (Chrono Boost)  
  64  7:53  Assimilator  
  66  7:59  Probe x2 (Chrono Boost)  
  66  8:07  Gateway x2  
  66  8:10  Twilight Council, Probe  
  66  8:11  Probe  
  68  8:22  Probe  
  68  8:23  Probe  
  70  8:33  Zealot  
  72  8:34  Probe  
  72  8:36  Phoenix  
  79  8:42  Probe  
  79  8:47  Probe  
  81  8:49  Dark Shrine  
  81  8:51  Observer (Chrono Boost)  
  81  8:55  Probe  
  78  8:56  Nexus  
  78  8:59  Probe  
  78  9:01  Shield Battery  
  79  9:08  Immortal (Chrono Boost)  
  83  9:10  Pylon  
  83  9:23  Zealot  
  85  9:24  Charge  
  85  9:26  Pylon  
  85  9:27  Pylon  
  85  9:29  Probe  
  85  9:30  Probe  
  87  9:34  Assimilator  
  87  9:37  Assimilator  
  87  9:40  Protoss Ground Weapons Level 2 (Chrono Boost)  
  87  9:42  Immortal  
  91  9:52  Probe  
  90  10:02  Observer  
  90  10:08  Probe  
  90  10:09  Dark Templar x2, Probe  
  96  10:18  Zealot x2  
  100  10:25  Pylon  
  100  10:28  Probe  
  100  10:29  Probe x2  
  100  10:34  Templar Archives  
  103  10:37  Immortal  
  107  10:43  Probe x2  
  107  10:49  Gateway  
  109  10:51  Zealot x2  
  113  10:59  Zealot x2  
  117  11:04  Gateway  
  117  11:08  Pylon  
  117  11:11  High Templar x2  
  121  11:19  Immortal (Chrono Boost)  
  121  11:20  High Templar x2  
  121  11:21  Observer  
  121  11:24  Archon x2  
  129  11:26  Photon Cannon  
  129  11:33  Gateway  
  129  11:35  Gateway  
  129  11:37  Gateway  
  129  11:39  Photon Cannon  
  129  11:44  High Templar x2  
  133  11:50  Archon  
  133  11:53  High Templar  
  133  11:54  High Templar, Zealot  
  137  11:59  Observer (Chrono Boost)  
  129  12:23  Archon  
  129  12:27  Zealot x6  
  124  12:37  Probe x2  
  124  12:39  Dark Templar x2  
  124  12:40  High Templar  
  124  12:41  Observer  
  132  12:51  Archon x2  
  132  12:58  Pylon  
  132  12:59  Pylon  
  132  13:01  Pylon  
  132  13:06  Nexus  
  132  13:07  Protoss Ground Weapons Level 3, Probe  
  132  13:08  Pylon  
  132  13:11  Pylon  
  133  13:13  Robotics Bay, Robotics Facility  
  133  13:16  Probe x2  
  135  13:24  Dark Templar x3  
  135  13:26  Observer  
  141  13:28  Archon  
  141  13:29  Archon  
  141  13:30  Photon Cannon  
  141  13:31  Probe x3  
  144  13:35  Dark Templar  
  144  13:40  High Templar x2  
  150  13:43  Probe x2  
  150  13:45  Archon  
  150  13:47  Zealot x2  
  150  13:53  Probe  
  150  13:55  Probe  
  151  14:07  Disruptor x2  
  153  14:11  Dark Templar  
  153  14:12  Dark Templar  
  155  14:23  Pylon  
  147  14:38  Zealot x2  
  147  14:40  Nexus  
  147  14:42  Disruptor x2  
  152  14:53  Zealot x6  
  152  14:57  Probe  
  152  14:58  Probe x2  
  149  15:02  Observer  
  145  15:09  Probe  
  146  15:15  High Templar x4, Pylon  
  146  15:18  Warp Prism  
  146  15:19  Archon x2  
  156  15:27  Warp Prism, Zealot x3  
  164  15:33  Photon Cannon  
  164  15:49  Dark Templar x3, Zealot  
  172  15:54  Observer  
  158  16:02  Disruptor  
  155  16:05  Probe x2  
  139  16:15  Disruptor, Zealot x6  
  107  16:38  Disruptor  
  110  16:41  Assimilator  
  110  16:46  Assimilator  
  110  16:51  Stalker x6  
  125  16:55  Stalker  
  125  16:57  Photon Cannon  
  125  16:59  Photon Cannon  
  127  17:03  Zealot x2  
Tags
 
Add a new tag
Caveats
  • Supply blocks, unpowered buildings, or Contaminate may cause inaccurate times.
  • Supply counts are checked every 10 seconds.